 Dungeon Crawl Stone Soup version 0.17-a0-1617-gfba1302 (webtiles) character file.

330 Ajdolov the Changer (level 6, -5/51 HPs)
             Began as a Naga Transmuter on Aug 1, 2015.
             Was an Initiate of Cheibriados.
             Slain by Duvessa
             ... wielding a +0 rapier
              (8 damage)
             ... in the Ecumenical Temple.
             The game lasted 00:14:14 (5138 turns).

Ajdolov the Changer (Naga Transmuter)               Turns: 5138, Time: 00:14:14

Health: -5/51      AC:  8    Str: 14    XL:     6   Next: 51%
Magic:  2/9        EV:  3    Int: 16    God:    Cheibriados [......]
Gold:   148        SH:  0    Dex: 12    Spells: 3 memorised, 1 level left

rFire  . . .     SeeInvis +     a - +0 spear
rCold  . . .     Clarity  .     x - +0 robe
rNeg   . . .     SustAt   .     (no shield)
rPois  +         Gourm    .     (no helmet)
rElec  .         Spirit   .     (no cloak)
rCorr  .         Warding  .     (no gloves)
rMut   .         Stasis   .     l - +1 naga barding
MR     .....                    (no amulet)
Stlth  +.........               (no ring)
                                (no ring)

@: lethally poisoned (-5 -> -13), appendage, very slightly contaminated, very
slow, not resistant to hostile enchantments, very unstealthy
A: horns 2, see invisible, deformed body, poison resistance, slowness 2, slow
metabolism 1, spit poison 2, AC +2
a: Spit Poison, End Transformation, Bend Time, Renounce Religion


You were in the Ecumenical Temple.
You worshipped Cheibriados.
Cheibriados was noncommittal.
You were not hungry.
You had grown temporary horns.
You visited 2 branches of the dungeon, and saw 5 of its levels.

You collected 148 gold pieces.

Inventory:

Hand weapons
 a - a +0 spear (weapon)
 b - a +0 blowgun
Missiles
 u - 65 arrows
 y - 3 poisoned needles
Armour
 l - a +1 naga barding (worn)
 x - a +0 robe (worn)
Magical devices
 q - a wand of draining (0)
Scrolls
 e - 5 scrolls of identify
 g - 2 scrolls of remove curse
 k - a scroll of enchant armour {unknown}
 n - a scroll of random uselessness {unknown}
 o - 2 scrolls of amnesia {unknown}
 p - 2 scrolls of fear {unknown}
 r - a scroll of enchant weapon {unknown}
 s - a scroll of noise {unknown}
 t - 3 scrolls of immolation {unknown}
Potions
 i - a potion of might
 v - a potion of agility
Books
 c - a book of Changes

   Spells                             Type                      Level
   a - Beastly Appendage              Transmutation                1
   b - Sticks to Snakes               Transmutation                2
   c - Spider Form                    Transmutation/Poison         3
   d - Ice Form                       Ice/Transmutation            4
   e - Blade Hands                    Transmutation                5
Comestibles
 d - 2 bread rations
 h - 2 meat rations
 m - 3 beef jerkies


   Skills:
 - Level 1.0 Fighting
 - Level 1.5 Dodging
 - Level 3.0 Unarmed Combat
 - Level 2.0 Spellcasting
 + Level 6.7 Transmutations


You had one spell level left.
You knew the following spells:

 Your Spells              Type           Power        Failure   Level  Hunger
a - Beastly Appendage     Trmt           ###...       1%          1    #......
b - Sticks to Snakes      Trmt           ###.......   1%          2    ###....
c - Blade Hands           Trmt           ###.......   38%         5    ######.


Dungeon Overview and Level Annotations

Branches:
Dungeon (4/15)             Temple (1/1) D:4

Altars:
Cheibriados
Dithmenos
Elyvilon
Gozag
Makhleb
Okawaru
Qazlal
Ru
Sif Muna
Vehumet
Xom
Yredelemnul
Zin
The Shining One

Annotations:
Temple Dowan, Duvessa


Innate Abilities, Weirdness & Mutations

You cannot wear boots.
Your serpentine skin is tough (AC +2).
You have supernaturally acute eyesight.
Armour fits poorly on your strangely shaped body.
Your system is resistant to poisons.
You cover ground very slowly.
You have a slow metabolism.
You can spit poison.
You have a pair of horns on your head.


Message History

Dowan casts a spell at you. The puff of flame hits you!
* * * LOW HITPOINT WARNING * * *
Read which item? (? for menu, Esc to quit)
Okay, then.
Drink which item? (? for menu, Esc to quit)
You feel better. Duvessa hits you with a rapier.
* * * LOW HITPOINT WARNING * * *
Dowan gestures at you while chanting.
You easily resist.
Duvessa barely misses you. Dowan closely misses you.
Duvessa hits you with a rapier.
* * * LOW HITPOINT WARNING * * *
Dowan hits you but does no damage.
You are lethally poisoned!
There is a staircase back to the Dungeon, spattered with blood here.
Unknown command.
* * * LOW HITPOINT WARNING * * *
You feel sick. Duvessa hits you with a rapier!
You die...

........# ......
..._....## #...._.
.........# .......
....._...###..._...
..........#........
#....._..#.._.....
###.............#
###.........##
###..@e.###
#....e....#
#.............#
....._..#.._.....
........#........
..._...###..._...
....... .......
_....# #...._. ....
......


You could see Duvessa and Dowan.

Vanquished Creatures
  3 scorpions (D:4)
  An orc priest (D:3)
  4 gnolls
  5 adders
  2 worms
  A giant gecko (D:1)
  6 orcs
  4 bats
  6 giant cockroaches
  8 goblins
  7 hobgoblins
  A quokka (D:3)
  3 giant newts
  5 kobolds
  6 rats
62 creatures vanquished.

Vanquished Creatures (others)
  A rat (D:2)
1 creature vanquished.

Grand Total: 63 creatures vanquished

Notes
Turn   | Place    | Note
--------------------------------------------------------------
     0 | D:1      | Ajdolov the Naga Transmuter began the quest for the Orb.
     0 | D:1      | Reached XP level 1. HP: 18/18 MP: 3/3
   302 | D:1      | Reached XP level 2. HP: 25/25 MP: 5/5
  1427 | D:2      | Reached XP level 3. HP: 31/31 MP: 6/6
  1824 | D:2      | Found a stormy altar of Qazlal.
  1900 | D:2      | Reached skill level 4 in Transmutations
  2213 | D:2      | Reached XP level 4. HP: 18/38 MP: 7/7
  3260 | D:3      | Reached skill level 5 in Transmutations
  3260 | D:3      | Reached XP level 5. HP: 20/44 MP: 8/8
  3403 | D:3      | Found an iron altar of Okawaru.
  4182 | D:4      | HP: 1/44 [gnoll/halberd (13)]
  4315 | D:4      | Reached skill level 6 in Transmutations
  4315 | D:4      | Reached XP level 6. HP: 18/51 MP: 9/9
  4414 | D:4      | Learned a level 2 spell: Sticks to Snakes
  4420 | D:4      | Learned a level 5 spell: Blade Hands
  4850 | D:4      | Noticed Dowan
  4851 | D:4      | Noticed Duvessa
  4941 | D:4      | Found a staircase to the Ecumenical Temple.
  4949 | Temple   | Entered the Ecumenical Temple
  5123 | Temple   | Became a worshipper of Cheibriados the Contemplative
  5138 | Temple   | Slain by Duvessa

Vault maps used:
D:1:      arrival_zaba_pyramid, st_stairs_4
D:2:      grunt_qazlal_clouds
D:3:      okawaru_ov_weapons_minmay, first_bread
D:4:      temple_green, corexii_item_surrounded_by_moat, uniq_duvessa
Temple:   nicolae_temple_x_marks_the_god_16

Action                   |  1- 3 |  4- 6 || total
-------------------------+-------+-------++-------
Melee: Unarmed           |    27 |       ||    27
       Dagger            |   107 |   122 ||   229
       Club              |    21 |       ||    21
       Spear             |       |    70 ||    70
 Fire: Blowgun           |       |    13 ||    13
 Cast: Beastly Appendage |     2 |     3 ||     5
       Sticks to Snakes  |       |     3 ||     3
 Abil: Spit Poison       |    24 |    25 ||    49
Evoke: Wand              |       |     3 ||     3
  Use: Scroll            |       |     4 ||     4
       Potion            |       |     3 ||     3
  Eat: Chunk             |     4 |     6 ||    10
       Bread ration      |       |     1 ||     1
       Beef jerky        |       |     1 ||     1
